 Dungeon Crawl Stone Soup version 0.28-a0-1347-g113dc556a4 (webtiles) character file.

Game seed: 3557602541974543245

280 sanka the Vexing (level 6, 36/41 HPs)
             Began as a Demonspawn Enchanter on Dec 29, 2021.
             Quit the game on level 5 of the Dungeon.
             The game lasted 00:07:37 (4151 turns).

sanka the Vexing (Demonspawn Enchanter)             Turns: 4151, Time: 00:07:38

Health: 36/41      AC:  8    Str: 14    XL:     6   Next: 5%
Magic:  2/9        EV: 12    Int: 19    God:
Gold:   29         SH:  5    Dex: 13    Spells: 4/9 levels left

rFire   . . .      SeeInvis .   a - +1 dagger
rCold   . . .      Faith    .   (no shield)
rNeg    . . .      Spirit   .   l - +0 robe
rPois   .          Reflect  +   (no helmet)
rElec   .          Harm     .   (no cloak)
rCorr   .          Rampage  .   (no gloves)
Will    .....                   (no boots)
Stlth   +++.......              s - amulet of reflection
HPRegen 0.13/turn               e - +6 ring of strength
MPRegen 0.11/turn               h - +4 ring of protection

@: no status effects
A: slimy green scales 1, powered by pain 1, spiny 2
a: no special abilities


You were on level 5 of the Dungeon.
You visited 1 branch of the dungeon, and saw 5 of its levels.

You collected 169 gold pieces.
You spent 140 gold pieces at shops.


Innate Abilities, Weirdness & Mutations

You are partially covered in slimy green scales. (AC +2)
You sometimes gain a little power by taking damage.
You are mostly covered in sharp spines.


   Skills:
 + Level 3.1 Short Blades
 - Level 1.7 Dodging
 + Level 4.4 Stealth
 - Level 2.0 Spellcasting
 + Level 4.6 Hexes


You had 4 spell levels left.
You knew the following spells:

 Your Spells              Type           Power      Damage    Failure   Level
z - Ensorcelled Hibernat  Hex/Ice        20%        N/A       10%         2
Z - Confusing Touch       Hex            19%        N/A       8%          3

Your spell library contained the following spells:

 Spells                   Type           Power      Damage    Failure   Level
 Tukima's Dance           Hex            19%        N/A       8%          3
 Apportation              Tloc           2%         N/A       17%         1
 Dazzling Flash           Conj/Hex       20%        N/A       21%         3
 Stone Arrow              Conj/Erth      2%         3d7       45%         3
 Animate Armour           Summ/Erth      2%         N/A       86%         4
 Silence                  Hex/Air        5%         N/A       88%         5
 Agony                    Necr           1%         N/A       99%         5
 Alistair's Intoxication  Tmut/Pois      0%         N/A       99%         5
 Lehudib's Crystal Spear  Conj/Erth      0%         10d2      100%        8

Inventory:

Hand Weapons
 a - a +1 dagger (weapon)
 b - a +0 war axe
Armour
 l - a +0 robe (worn)
Jewellery
 e - a +6 ring of strength (left hand)
 h - a +4 ring of protection (right hand)
 s - an amulet of reflection (around neck)
Scrolls
 d - a scroll of fog {unknown}
 f - a scroll of torment {unknown}
 j - a scroll of blinking {unknown}
 k - 2 scrolls of teleportation {unknown}
 m - a scroll of vulnerability {unknown}
 n - 3 scrolls of identify {unknown}
 q - a scroll of noise {unknown}
 r - a scroll of magic mapping {unknown}
 x - a scroll of enchant armour {unknown}
Potions
 c - 2 potions of invisibility
 g - 2 potions of mutation {unknown}
 i - a potion of brilliance {unknown}
 o - a potion of attraction {unknown}
 p - a potion of flight {unknown}
 t - 2 potions of lignification {unknown}
 u - a potion of cancellation {unknown}
 v - a potion of curing {unknown}
 w - 2 potions of haste {@q3}
 z - a potion of heal wounds {unknown}

Dungeon Overview and Level Annotations

Branches:
Dungeon (5/15)
 Temple: D:4-7

Altars:
Elyvilon

Shops:
D:4

* ...
.. ..
▒▒▒
.▒
..▒.▒
...▒
▒))▒
▒6.▒
▒..▒
▒▒▒..
....
...▒
...▒
..▒
..▒


There were no monsters in sight!


Message History

You block the adder's attack.
You hit the adder.
The adder is almost dead.
You block the adder's attack.
You closely miss the adder.
The adder is almost dead.
The adder is struck by your spines.
You kill the adder!
The orc priest hits you with a +0 club.
The orc priest resists with some effort.
The orc priest hits you but does no damage.
The orc priest resists with some effort.
The orc priest is struck by your spines.
The orc priest closely misses you.
The orc priest looks drowsy...
The helpless orc priest fails to defend itself.
You impale the orc priest!!
You kill the orc priest!
The orc is struck by your spines. The orc completely misses you.
You have reached level 6!
Your demonic ancestry asserts itself...
You feel energised by your suffering.
You hit the orc.
The orc is almost dead.
The orc is struck by your spines.
You kill the orc!
No target in view!
No target in view!
Are you sure you want to abandon this character and quit the game? (Confirm with "yes".)

Action                   |  1- 3 |  4- 6 || total
-------------------------+-------+-------++-------
Melee: Dagger            |   148 |    51 ||   199
 Cast: Ensorcelled Hiber |    16 |     8 ||    24
 Stab: Sleeping          |    19 |     7 ||    26
Armor: Robe              |    38 |    17 ||    55
Dodge: Dodged            |    74 |    36 ||   110
Block: Other             |       |     3 ||     3

Levels and vault maps discovered:
D:1:      roderic_crop_circles_arrival_small, layout_basic,
          dreamdust_ecumenical_altar_drowned_temple
D:2:      layout_rooms
D:3:      layout_basic, minmay_liquid_box, uniq_jessica
D:4:      layout_cave_pools, elyvilon_altar_5, nicolae_shop_clearance
D:5:      layout_rooms, serial_park_tiny_pond

Notes
Turn   | Place    | Note
-------+----------+-------------------------------------------
     0 | D:1      | sanka the Demonspawn Enchanter began the quest for the Orb.
     0 | D:1      | Reached XP level 1. HP: 13/13 MP: 3/3
    92 | D:1      | Reached skill level 1 in Short Blades
   322 | D:1      | HP: 1/13 [goblin (4)]
   642 | D:1      | Gained mutation: You are partially covered in slimy green
                  | scales. (AC +2) [demonic ancestry]
   642 | D:1      | Reached XP level 2. HP: 8/19 MP: 5/5
   847 | D:1      | Learned a level 2 spell: Ensorcelled Hibernation
  1147 | D:1      | Reached skill level 3 in Stealth
  1631 | D:1      | Found a faded altar of an unknown god.
  2049 | D:2      | Gained mutation: You are partially covered in sharp spines.
                  | [demonic ancestry]
  2049 | D:2      | Reached XP level 3. HP: 24/24 MP: 3/6
  2646 | D:3      | Learned a level 3 spell: Confusing Touch
  2817 | D:3      | Noticed Jessica
  2822 | D:3      | Killed Jessica
  2823 | D:3      | Reached skill level 2 in Short Blades
  2823 | D:3      | Reached XP level 4. HP: 30/30 MP: 2/7
  3042 | D:3      | Noticed a centaur
  3054 | D:3      | Killed a centaur
  3055 | D:3      | Reached skill level 4 in Stealth
  3055 | D:3      | Reached skill level 4 in Hexes
  3055 | D:3      | Gained mutation: You are mostly covered in sharp spines.
                  | [demonic ancestry]
  3055 | D:3      | Reached XP level 5. HP: 35/35 MP: 1/8
  3741 | D:4      | Reached skill level 3 in Short Blades
  3838 | D:4      | Found Fautuiwa's CLEARANCE SALE!.
  3843 | D:4      | Bought 2 potions of haste for 140 gold pieces
  4128 | D:5      | Entered Level 5 of the Dungeon
  4150 | D:5      | Gained mutation: You sometimes gain a little power by
                  | taking damage. [demonic ancestry]
  4150 | D:5      | Reached XP level 6. HP: 36/41 MP: 2/9
  4151 | D:5      | Quit the game

Vanquished Creatures
  A centaur (D:3)
  An orc priest (D:5)
  A jelly (D:4)
  Jessica (D:3)
  4 adders
  9 orcs
  4 ball pythons
  4 bats
  4 endoplasms
  A giant cockroach (D:2)
  9 goblins
  5 hobgoblins
  9 jackals
  4 quokkas
  3 frilled lizards
  6 kobolds
  5 rats
  A spectral hobgoblin (D:1)
72 creatures vanquished.
